 Dungeon Crawl Stone Soup version 0.19.5 (webtiles) character file.

90 McKennaii the Shooter (level 4, 0/30 HPs)
             Began as a High Elf Hunter on May 2, 2017.
             Succumbed to a scorpion's poison
             ... on level 3 of the Dungeon.
             The game lasted 00:03:05 (1868 turns).

McKennaii the Shooter (High Elf Hunter)             Turns: 1868, Time: 00:03:06

Health: 0/30       AC:  6    Str: 11    XL:     4   Next: 32%
Magic:  5/5        EV: 16    Int: 14    God:
Gold:   62         SH:  0    Dex: 17    Spells: 0 memorised, 3 levels left

rFire  . . .     SeeInvis .     u - +1 falchion (holy)
rCold  . . .     Gourm    .     c - +0 leather armour
rNeg   . . .     Faith    .     (no shield)
rPois  .         Spirit   .     (no helmet)
rElec  .         Reflect  .     (no cloak)
rCorr  .         Harm     +     q - +2 pair of gloves
MR     .....                    (no boots)
Stlth  ++........               h - amulet of harm
                                (no ring)
                                e - +3 ring of evasion

@: lethally poisoned (0 -> -4)
A: no striking features
a: no special abilities


You were on level 3 of the Dungeon.
You were not hungry.

You visited 1 branch of the dungeon, and saw 3 of its levels.

You collected 62 gold pieces.

Inventory:

Hand Weapons
 a - a +1 shortbow
 u - a +1 falchion of holy wrath (weapon)
Missiles
 d - 20 arrows
Armour
 c - a +0 leather armour (worn)
 q - a +2 pair of gloves (worn)
Jewellery
 e - a +3 ring of evasion (left hand)
 h - an amulet of harm (around neck)
Scrolls
 j - a scroll of identify {unknown}
 l - 2 scrolls of enchant weapon {unknown}
 m - 3 scrolls of remove curse {unknown}
 r - 3 scrolls of teleportation {unknown}
 v - a scroll of enchant armour {unknown}
Potions
 g - a potion of haste {unknown}
 i - 2 potions of degeneration {unknown}
 k - a potion of heal wounds {unknown}
 n - a potion of might {unknown}
 o - a potion of ambrosia {unknown}
 t - a potion of flight {unknown}
Comestibles
 b - a beef jerky
 f - 3 bread rations
 p - a meat ration
 s - a chunk of flesh


   Skills:
 + Level 2.4 Fighting
   Level 1.7 Short Blades
 + Level 6.2 Bows
 + Level 1.4 Armour
 + Level 2.7 Dodging
 + Level 1.2 Stealth


You had 3 spell levels left.
You didn't know any spells.

Dungeon Overview and Level Annotations

Branches:
Dungeon (3/15)

Altars:
Fedhas


Message History

The rat misses you.
You riposte.
You hit the rat.
You kill the rat!
The scorpion closely misses you.
You hit the scorpion but do no damage.
The scorpion is almost dead.
* * * LOW HITPOINT WARNING * * *
You feel sick.
The scorpion stings you but does no damage.
You hit the scorpion but do no damage.
The scorpion is almost dead.
* * * LOW HITPOINT WARNING * * *
You feel sick. The scorpion misses you.
You hit the scorpion.
The scorpion is almost dead.
The scorpion stings you.
* * * LOW HITPOINT WARNING * * *
Okay, then.
You barely miss the scorpion.
The scorpion is almost dead.
You die...

#........###........
#........'....##+###
#........###..#
#........# #..# #
#........# ##.# .#
########## #.##.###
#......#
#######..#.#.#
.......@.# #
......†s...#
........#..#
........+.>..
...............
.........######
......... .........#


You could see a scorpion.

Vanquished Creatures
  2 adders
  An ooze (D:1)
  2 dart slugs (D:2)
  2 leopard geckos (D:1)
  5 orcs (D:3)
  4 giant cockroaches
  8 goblins
  4 hobgoblins
  3 jackals (D:3)
  A quokka (D:2)
  7 bats
  6 frilled lizards
  3 kobolds
  6 rats
54 creatures vanquished.

Notes
Turn   | Place    | Note
-------+----------+-------------------------------------------
     0 | D:1      | McKennaii the High Elf Hunter began the quest for the Orb.
     0 | D:1      | Reached XP level 1. HP: 14/14 MP: 2/2
   416 | D:1      | Reached XP level 2. HP: 19/19 MP: 3/3
   749 | D:1      | Reached skill level 6 in Bows
   900 | D:2      | Reached XP level 3. HP: 19/24 MP: 4/4
  1385 | D:2      | Reached skill level 1 in Short Blades
  1390 | D:2      | Reached skill level 1 in Armour
  1665 | D:3      | Found a blossoming altar of Fedhas.
  1725 | D:3      | Reached XP level 4. HP: 28/30 MP: 5/5
  1867 | D:3      | HP: 1/30 [scorpion (2)]
  1868 | D:3      | Succumbed to a scorpion's poison

Skill      XL: |  1  2  3 |
---------------+----------+-----
Bows           | 6 |  6.2
Short Blades   | 1 |  1.7
Armour         | 1 |  1.4
Fighting       | |  2.4
Dodging        | |  2.7
Stealth        | |  1.2

Action                   |  1- 3 |  4- 6 || total
-------------------------+-------+-------++-------
Melee: Short sword       |   158 |    27 ||   185
       Falchion          |       |    22 ||    22
 Stab: Sleeping          |     1 |       ||     1
  Eat: Chunk             |     3 |       ||     3
Armor: Leather armour    |    32 |    11 ||    43
Dodge: Dodged            |   139 |    42 ||   181
       Rpst.: Falchion   |       |     6 ||     6
